 Dungeon Crawl Stone Soup version 0.24.0-37-gcf1ca852f1 (webtiles) character file.

Game seed: 16801428866209758201, levelgen mode: deterministic

67 Kobolds4U the Sneak (level 4, -4/24 HPs)
             Began as a Deep Elf Conjurer on Dec 7, 2019.
             Slain by an ogre
             ... wielding a +0 giant spiked club
              (28 damage)
             ... on level 3 of the Dungeon.
             The game lasted 00:04:32 (1315 turns).

Kobolds4U the Sneak (Deep Elf Conjurer)             Turns: 1315, Time: 00:04:32

Health: -4/24      AC:  2    Str:  5    XL:     4   Next: 0%
Magic:  6/11       EV: 13    Int: 20    God:
Gold:   132        SH:  0    Dex: 16    Spells: 7/10 levels left

rFire    . . .     SeeInvis .   g - +0 dagger
rCold    . . .     Gourm    .   (no shield)
rNeg     . . .     Faith    .   a - +0 robe
rPois    .         Spirit   .   (no helmet)
rElec    .         Reflect  .   (no cloak)
rCorr    .         Harm     .   (no gloves)
MR       .....                  (no boots)
Stlth    +++.......             (no amulet)
HPRegen  0.08/turn              (no ring)
MPRegen  0.12/turn              (no ring)

@: no status effects
A: no striking features
a: no special abilities


You were on level 3 of the Dungeon.
You were not hungry.

You visited 1 branch of the dungeon, and saw 3 of its levels.

You collected 132 gold pieces.

Inventory:

Hand Weapons
 g - a +0 dagger (weapon)
Armour
 a - a +0 robe (worn)
Scrolls
 b - 4 scrolls of immolation {unknown}
 e - 8 scrolls of identify {unknown}
 h - 2 scrolls of magic mapping {unknown}
 j - a scroll of remove curse {unknown}
 k - 2 scrolls of enchant weapon {unknown}
Potions
 d - a potion of brilliance {unknown}
 i - a potion of heal wounds {unknown}
 l - a potion of curing {unknown}
Comestibles
 c - 4 rations
 f - 12 chunks of flesh


   Skills:
 - Level 2.4 Dodging
 + Level 5.2 Stealth
 * Level 3.6 Spellcasting
 - Level 4.3 Conjurations


You had 7 spell levels left.
You knew the following spells:

 Your Spells              Type           Power        Failure   Level  Hunger
a - Magic Dart            Conj           ###.         2%          1    None
b - Searing Ray           Conj           ###...       3%          2    ##.....

Your spell library contained the following spells:

 Spells                   Type           Power        Failure   Level  Hunger
 Dazzling Spray           Conj/Hex       ##....       16%         3    ###....
 Iskenderun's Mystic Bla  Conj           ###.....     22%         4    ####...
 Force Lance              Conj/Tloc      ##......     47%         4    ####...
 Fulminant Prism          Conj/Hex       ##........   47%         4    ####...


Dungeon Overview and Level Annotations

Branches:
Dungeon (2/15)

Altars:


Message History

Okay, then.
Unknown command.
A dart slug comes into view.
The dart slug launches a dart at you. The slug dart misses you.
Casting: Magic Dart (safe; 2% risk of failure)
Confirm with . or Enter, or press ? or * to list all spells.
Aiming: Searing Ray (safe; 3% risk of failure)
Press: ? - help, Shift-Dir - straight line The searing ray hits the ogre.
The ogre is moderately wounded. (Press . to maintain the ray.)
The searing ray hits the ogre.
The ogre is moderately wounded.
The ogre closely misses you.
The searing ray hits the ogre!
The ogre is heavily wounded.
The ogre hits you with a +0 giant spiked club!!
Ouch! That really hurt!
You die...

.
#.......#
.
#.......#
##
#.......#
#.......#
#.......#
###..####
#.## #O#
#@# #.#
w.# .###
#. . ≈≈
.≈


You could see an ogre and a dart slug.

Vanquished Creatures
  2 adders
  An ooze (D:2)
  A dart slug (D:2)
  A leopard gecko (D:2)
  6 bats
  A giant cockroach (D:1)
  8 goblins
  3 hobgoblins
  4 jackals (D:2)
  4 kobolds
  2 quokkas (D:2)
  2 frilled lizards (D:1)
  3 rats
38 creatures vanquished.

Notes
Turn   | Place    | Note
-------+----------+-------------------------------------------
     0 | D:1      | Kobolds4U the Deep Elf Conjurer began the quest for the
                  | Orb.
     0 | D:1      | Reached XP level 1. HP: 10/10 MP: 6/6
   119 | D:1      | Reached skill level 3 in Stealth
   160 | D:1      | Reached XP level 2. HP: 14/15 MP: 2/8
   169 | D:1      | Learned a level 2 spell: Searing Ray
   330 | D:1      | You fall into a shaft and drop 1 floor!
   342 | D:2      | Reached skill level 4 in Stealth
   505 | D:2      | Reached XP level 3. HP: 19/19 MP: 9/9
   906 | D:1      | Reached skill level 5 in Stealth
  1250 | D:2      | You fall into a shaft and drop 1 floor!
  1280 | D:3      | Noticed an ogre
  1301 | D:3      | Reached XP level 4. HP: 24/24 MP: 9/11
  1315 | D:3      | Slain by an ogre

Levels and vault maps discovered:
D:1:      sevenhm_arrival_forest_fort_large_4, layout_basic
D:2:      minmay_alternating_diamond, layout_basic, minmay_tromino_v2
D:3:      layout_loops_cross, first_ration, serial_undead, serial_undead_b,
          serial_undead_d, serial_undead_d, serial_undead_f, serial_undead_a,
          serial_undead_e, serial_undead_b, serial_undead_e, serial_undead_b,
          serial_undead_b

Skill      XL: |  1  2  3 |
---------------+----------+-----
Stealth        | 3 4 5 |  5.2
Dodging        | |  2.4
Spellcasting   | |  3.6
Conjurations   | |  4.3

Action                   |  1- 3 |  4- 6 || total
-------------------------+-------+-------++-------
Melee: Unarmed           |     5 |       ||     5
       Dagger            |     9 |       ||     9
 Cast: Magic Dart        |    46 |       ||    46
       Searing Ray       |     1 |     1 ||     2
 Stab: Sleeping          |     5 |       ||     5
       Distracted        |     1 |       ||     1
  Eat: Chunk             |     1 |       ||     1
Armor: Robe              |     5 |       ||     5
Dodge: Dodged            |    19 |     2 ||    21
